Map: Orbital Shipyard

Players

Welmu

  • Race: Protoss Protoss
  • League: Grandmaster

viOLet - Winner!

  • Race: Zerg Zerg

Event: DreamHack ZOWIE Open Leipzig

VOD

Have the link to the VOD?

Description

Time

  • Played on: Jan. 22, 2016, 10:52 a.m.
  • Length: 17:55

All games in this series

Show
View Real Time Build Order
Export as new Build Order

Welmu Protoss 

Build Orders: Nexus First 

Get SALT Encoding   

  12  0:00  Probe (Chrono Boost)  
  13  0:11  Probe (Chrono Boost)  
  14  0:18  Pylon  
  14  0:22  Probe (Chrono Boost)  
  15  0:36  Probe (Chrono Boost)  
  16  0:46  Probe (Chrono Boost)  
  17  0:59  Nexus  
  17  1:10  Forge  
  17  1:13  Probe (Chrono Boost)  
  18  1:23  Probe (Chrono Boost)  
  19  1:26  Gateway  
  19  1:34  Probe (Chrono Boost)  
  20  1:43  Photon Cannon  
  20  1:44  Probe (Chrono Boost)  
  21  1:54  Pylon  
  21  1:55  Probe (Chrono Boost)  
  21  1:58  Assimilator  
  22  2:02  Assimilator  
  22  2:05  Probe (Chrono Boost)  
  23  2:17  Gateway  
  23  2:21  Zealot (Chrono Boost)  
  23  2:22  Probe  
  26  2:25  Cybernetics Core  
  26  2:30  Probe  
  26  2:35  Probe (Chrono Boost)  
  28  2:42  Probe (Chrono Boost)  
  29  2:47  Probe (Chrono Boost)  
  30  2:53  Probe (Chrono Boost)  
  30  2:58  Probe (Chrono Boost)  
  32  3:02  Probe (Chrono Boost), Adept (Chrono Boost)  
  35  3:09  Probe  
  35  3:10  Warp Gate  
  35  3:12  Probe  
  37  3:21  Probe  
  37  3:23  Probe  
  37  3:26  Adept (Chrono Boost)  
  41  3:33  Probe x2 (Chrono Boost)  
  41  3:34  Pylon  
  43  3:45  Probe x2 (Chrono Boost), Nexus  
  45  3:56  Mothership Core (Chrono Boost), Probe (Chrono Boost)  
  45  3:58  Pylon, Assimilator  
  48  4:02  Assimilator  
  48  4:07  Probe (Chrono Boost)  
  49  4:14  Probe (Chrono Boost)  
  50  4:18  Probe (Chrono Boost)  
  51  4:25  Probe (Chrono Boost)  
  51  4:28  Probe (Chrono Boost)  
  51  4:30  Stargate  
  53  4:32  Stargate  
  53  4:35  Probe (Chrono Boost)  
  53  4:36  Pylon  
  54  4:39  Probe (Chrono Boost)  
  54  4:41  Gateway x2  
  55  4:46  Probe (Chrono Boost)  
  55  4:49  Probe (Chrono Boost)  
  57  4:56  Probe (Chrono Boost)  
  57  4:57  Probe (Chrono Boost)  
  60  5:00  Probe (Chrono Boost)  
  60  5:04  Forge  
  61  5:07  Probe (Chrono Boost), Pylon  
  61  5:08  Probe (Chrono Boost)  
  61  5:10  Probe (Chrono Boost)  
  61  5:11  Pylon  
  61  5:14  Stalker  
  65  5:15  Phoenix (Chrono Boost)  
  65  5:17  Probe (Chrono Boost)  
  65  5:18  Probe (Chrono Boost)  
  65  5:19  Probe (Chrono Boost), Phoenix (Chrono Boost)  
  72  5:27  Robotics Facility  
  72  5:29  Probe  
  72  5:30  Probe x2  
  75  5:36  Protoss Ground Weapons Level 1  
  75  5:40  Phoenix (Chrono Boost)  
  75  5:41  Probe x2, Phoenix (Chrono Boost)  
  75  5:42  Probe  
  81  5:47  Assimilator  
  81  5:48  Twilight Council  
  82  5:52  Pylon, Assimilator  
  82  5:53  Probe  
  82  5:54  Pylon  
  83  5:58  Probe  
  83  6:02  Phoenix (Chrono Boost)  
  83  6:03  Phoenix (Chrono Boost)  
  88  6:05  Zealot  
  88  6:06  Zealot  
  92  6:13  Probe  
  93  6:21  Observer  
  93  6:24  Phoenix (Chrono Boost)  
  93  6:25  Phoenix (Chrono Boost)  
  98  6:26  Pylon x2  
  98  6:30  Zealot x3  
  104  6:35  Charge  
  104  6:40  Gateway x2  
  104  6:42  Warp Prism  
  106  7:02  Sentry  
  106  7:03  Templar Archives, Zealot x2  
  106  7:04  Gateway  
  106  7:06  Gateway  
  112  7:09  Pylon  
  112  7:12  Pylon  
  112  7:16  Immortal (Chrono Boost)  
  112  7:17  Probe  
  119  7:23  Robotics Facility  
  119  7:25  Zealot  
  119  7:26  Zealot x2  
  123  7:31  Psionic Storm, Pylon  
  123  7:33  Pylon  
  123  7:36  Gateway  
  123  7:42  Pylon  
  123  7:43  Pylon  
  123  7:45  Pylon, Zealot x2  
  123  7:48  Zealot  
  123  7:49  Gateway, Zealot  
  123  7:50  Zealot  
  129  8:00  Immortal  
  123  8:06  Zealot x2  
  123  8:10  Zealot x4  
  120  8:13  Zealot  
  112  8:20  Mothership Core  
  98  8:29  Zealot x2  
  98  8:33  Zealot x3  
  104  8:35  Immortal  
  104  8:37  Zealot x2  
  110  8:49  Immortal  
  110  8:52  High Templar x2  
  110  8:54  Nexus  
  118  8:57  High Templar x5  
  118  9:00  Protoss Ground Weapons Level 2 (Chrono Boost)  
  122  9:04  Archon  
  122  9:05  Archon  
  122  9:06  Zealot x2  
  126  9:12  Pylon  
  126  9:13  Immortal (Chrono Boost), Pylon  
  130  9:24  High Templar  
  130  9:25  Zealot  
  130  9:27  Zealot  
  130  9:28  Zealot  
  130  9:29  High Templar  
  130  9:30  Zealot x2  
  144  9:33  Zealot  
  144  9:37  Zealot  
  150  9:46  Zealot  
  150  9:47  Immortal (Chrono Boost)  
  152  9:55  Immortal (Chrono Boost)  
  154  10:04  Zealot x3  
  160  10:09  Zealot  
  151  10:23  Nexus  
  151  10:36  Pylon  
  151  10:46  Pylon  
  151  10:47  Pylon  
  151  10:51  Pylon  
  151  10:55  Immortal (Chrono Boost)  
  155  10:57  Protoss Ground Armor Level 1  
  159  11:06  Zealot x6  
  159  11:07  Zealot  
  159  11:10  Immortal (Chrono Boost)  
  173  11:14  High Templar x2  
  170  11:24  Pylon  
  160  11:27  Probe  
  160  11:28  Probe, Observer (Chrono Boost)  
  160  11:30  Probe  
  162  11:35  Probe  
  163  11:40  Zealot  
  150  11:49  Immortal (Chrono Boost)  
  150  11:51  Observer (Chrono Boost)  
  150  11:53  Zealot x2  
  135  11:59  Zealot  
  133  12:07  Zealot  
  130  12:10  Probe, Observer (Chrono Boost), Zealot, Archon  
  130  12:11  Probe  
  130  12:14  Probe  
  130  12:15  Probe  
  122  12:21  Probe  
  125  12:24  Probe  
  125  12:25  Probe  
  125  12:26  Observer (Chrono Boost)  
  125  12:27  Probe  
  128  12:31  Probe  
  128  12:32  High Templar  
  128  12:36  Probe x2  
  132  12:39  Probe  
  132  12:42  Probe  
  135  12:45  Zealot  
  135  12:46  Probe  
  135  12:48  Probe  
  135  12:49  High Templar  
  135  12:50  Protoss Ground Weapons Level 3  
  141  12:51  Probe  
  141  12:52  Probe  
  141  12:57  Probe  
  142  13:00  Probe  
  142  13:03  Probe x2, Assimilator  
  142  13:04  High Templar x2  
  150  13:05  Assimilator  
  150  13:07  Probe  
  150  13:12  Probe  
  152  13:13  Probe  
  152  13:17  Probe  
  152  13:18  High Templar x3  
  152  13:19  Probe  
  158  13:24  Probe  
  160  13:28  Zealot  
  160  13:30  Archon  
  160  13:31  High Templar  
  164  13:39  Immortal (Chrono Boost)  
  166  13:43  Zealot x4  
  174  13:50  Zealot  
  174  13:52  Zealot x2  
  180  13:59  Zealot  
  180  14:06  Pylon  
  180  14:07  Pylon  
  180  14:13  Pylon  
  180  14:16  Immortal (Chrono Boost), Zealot x2  
  180  14:17  Zealot x2  
  161  14:31  Zealot x3, High Templar  
  161  14:32  Zealot  
  163  14:41  Archon  
  163  14:45  Probe x2  
  138  14:46  Probe x2  
  141  14:55  Probe  
  141  14:56  Pylon  
  141  14:57  Probe  
  141  14:58  High Templar x4  
  141  14:59  Probe  
  152  15:16  Photon Cannon  
  152  15:18  High Templar  
  154  15:25  Nexus, Pylon  
  154  15:28  Pylon  
  154  15:30  High Templar x3  
  154  15:33  Assimilator  
  158  15:49  Zealot  
  154  15:54  Probe x2, Observer (Chrono Boost)  
  154  15:57  Observer (Chrono Boost)  
  154  15:58  Zealot  
  151  16:04  Probe  
  151  16:05  Probe  
  151  16:08  Probe  
  152  16:12  Zealot  
  152  16:13  Immortal (Chrono Boost)  
  152  16:14  Probe  
  152  16:15  Probe  
  162  16:21  Immortal (Chrono Boost)  
  162  16:30  Archon  
  158  16:33  Probe  
  158  16:35  Probe  
  158  16:38  Probe  
  161  16:46  Zealot x2  
  157  16:49  Immortal (Chrono Boost)  
  157  16:51  Probe  
  146  16:56  Zealot x3  
  146  17:00  Probe  
  149  17:03  Immortal (Chrono Boost)  
  149  17:06  Probe  
  141  17:09  Probe  
  141  17:10  Archon  
  141  17:11  Zealot x2  
  127  17:20  Probe  
  127  17:22  High Templar x3  
  114  17:25  Probe  
  114  17:26  Probe x2  
  114  17:27  Probe  
  114  17:29  High Templar  
  103  17:30  High Templar  
  103  17:35  Probe  
  94  17:37  Probe  
  94  17:42  Archon  
Show
View Real Time Build Order
Export as new Build Order

viOLet Zerg - Winner!

Build Orders: Pool First, Lurkers, Roach Hydra, Burrowed Roaches 

Get SALT Encoding   

  12  0:18  Spawning Pool  
  11  0:22  Drone  
  11  0:26  Drone  
  13  0:30  Drone  
  14  0:39  Overlord  
  14  1:05  Zergling x6  
  14  1:06  Queen  
  19  1:16  Zergling x2  
  20  1:28  Hatchery  
  20  1:32  Drone  
  20  1:39  Drone  
  21  1:48  Overlord  
  21  2:01  Drone  
  22  2:06  Queen  
  24  2:11  Drone  
  24  2:14  Drone  
  24  2:15  Drone  
  24  2:29  Hatchery  
  23  2:35  Drone  
  23  2:36  Drone  
  25  2:43  Drone x2  
  27  2:48  Drone  
  28  2:52  Drone  
  28  2:57  Drone  
  30  3:02  Overlord  
  30  3:15  Drone x2  
  30  3:17  Drone  
  33  3:20  Drone x2  
  33  3:25  Drone  
  33  3:26  Drone  
  37  3:27  Drone  
  37  3:31  Drone  
  37  3:32  Drone  
  40  3:38  Drone  
  40  3:40  Queen  
  42  3:41  Queen  
  42  3:48  Zergling x8  
  45  3:52  Drone x2, Extractor  
  45  3:53  Extractor  
  45  3:55  Overlord  
  48  3:56  Drone  
  50  4:02  Drone  
  50  4:12  Overlord  
  50  4:14  Drone  
  50  4:15  Drone x2  
  53  4:17  Drone  
  53  4:18  Drone  
  53  4:22  Drone x2  
  57  4:27  Drone  
  57  4:28  Overlord x2  
  58  4:32  Drone x2  
  58  4:33  Drone x2  
  58  4:37  Lair  
  62  4:39  Drone x2  
  62  4:43  Roach Warren  
  63  4:49  Drone x3  
  63  4:51  Drone x2  
  63  4:52  Drone x2  
  70  4:53  Drone x4  
  70  4:56  Extractor  
  70  4:59  Extractor  
  72  5:02  Evolution Chamber, Overlord  
  72  5:03  Overlord  
  72  5:04  Drone  
  72  5:09  Drone  
  73  5:15  Drone x4  
  77  5:21  Drone x3  
  77  5:23  Metabolic Boost, Overlord x2  
  77  5:27  Drone x3  
  83  5:37  Extractor  
  83  5:38  Drone  
  83  5:39  Spore Crawler, Extractor  
  83  5:40  Hydralisk Den  
  80  5:43  Spore Crawler  
  80  5:44  Drone x2  
  80  5:45  Spore Crawler, Zergling x2  
  80  5:46  Zergling x2  
  82  5:55  Hatchery  
  81  5:58  Overlord x2  
  81  6:00  Overlord x2  
  81  6:01  Drone  
  81  6:02  Spore Crawler  
  81  6:10  Glial Reconstitution  
  81  6:11  Hydralisk x4, Muscular Augments  
  81  6:18  Overlord x2  
  89  6:21  Zerg Missile Weapons Level 1  
  89  6:22  Hydralisk x2  
  93  6:31  Drone  
  93  6:32  Hydralisk x3  
  94  6:33  Hydralisk  
  102  6:40  Hydralisk  
  102  6:41  Hydralisk x2  
  102  6:43  Queen  
  108  6:49  Hydralisk x3  
  114  6:58  Hydralisk x4  
  114  7:01  Drone  
  122  7:04  Overlord x3  
  122  7:10  Hydralisk  
  122  7:11  Hydralisk x2  
  122  7:14  Roach x2  
  132  7:19  Roach x2  
  136  7:25  Roach  
  136  7:26  Roach x4  
  136  7:29  Roach x2  
  150  7:38  Drone  
  150  7:39  Drone x8  
  150  7:41  Drone  
  150  7:44  Overlord x2  
  148  8:06  Roach x5  
  144  8:13  Roach  
  144  8:16  Roach  
  144  8:18  Roach  
  126  8:23  Roach x3  
  126  8:24  Roach x6  
  140  8:27  Roach x2  
  140  8:32  Hydralisk x3  
  144  8:40  Roach  
  142  8:42  Roach  
  142  8:43  Roach x2  
  142  8:46  Hydralisk  
  142  8:47  Hydralisk x4  
  157  8:51  Drone x2, Hydralisk  
  157  8:52  Hydralisk x5, Extractor x2  
  169  9:02  Overlord x2  
  167  9:03  Zergling x2  
  167  9:04  Zergling x8  
  172  9:11  Overlord x2  
  172  9:13  Overlord  
  172  9:20  Overlord  
  172  9:22  Ravager x6  
  172  9:23  Ravager  
  179  9:24  Zergling x2  
  179  9:25  Zergling x24  
  192  9:31  Drone  
  192  9:32  Lurker Den  
  188  9:39  Drone x2  
  188  9:40  Drone  
  188  9:45  Queen  
  193  9:51  Burrow  
  193  9:54  Tunneling Claws  
  171  10:33  Roach x2  
  171  10:34  Roach x4  
  183  10:38  Spine Crawler  
  183  10:39  Spine Crawler  
  183  10:40  Spine Crawler  
  183  10:41  Spine Crawler  
  179  11:01  Lurker x2  
  179  11:02  Lurker x7  
  188  11:05  Lurker x4  
  188  11:06  Lurker  
  188  11:11  Hatchery  
  190  11:21  Roach x4  
  190  11:25  Spore Crawler  
  193  11:29  Spore Crawler  
  193  11:31  Roach  
  193  11:32  Roach x3  
  197  11:46  Hydralisk x8  
  193  11:53  Roach x2  
  193  11:54  Hydralisk x7  
  167  11:55  Hydralisk  
  175  12:02  Hydralisk x2  
  168  12:11  Hydralisk x6  
  168  12:15  Hydralisk x3  
  147  12:17  Hydralisk x2  
  147  12:18  Hydralisk x2, Roach x3  
  161  12:26  Hydralisk  
  161  12:27  Hydralisk, Roach  
  161  12:28  Roach  
  169  12:39  Lurker x3  
  169  12:40  Zergling x8  
  169  12:41  Zergling x4  
  178  12:52  Lurker x2  
  178  12:53  Lurker  
  180  12:59  Lurker  
  179  13:19  Drone x7  
  187  13:20  Drone  
  187  13:23  Zerg Missile Weapons Level 2  
  187  13:30  Extractor  
  187  13:32  Extractor  
  187  13:33  Overseer  
  185  13:34  Overseer, Roach x6  
  185  13:46  Lurker x7  
  192  14:01  Zergling x10  
  182  14:12  Hydralisk x7  
  168  14:25  Roach  
  168  14:28  Roach x4  
  168  14:29  Roach x2  
  181  14:32  Roach  
  171  14:44  Roach x7  
  132  14:47  Roach x2  
  132  14:48  Roach x4  
  132  14:49  Lurker x5  
  132  14:51  Roach x3  
  151  14:57  Lurker  
  152  15:10  Hydralisk x4  
  152  15:11  Roach  
  152  15:12  Roach x3  
  168  15:21  Drone x2  
  168  15:22  Drone, Roach x7  
  168  15:24  Roach  
  171  15:31  Infestation Pit  
  171  15:32  Hatchery  
  169  15:41  Spore Crawler  
  169  15:42  Spore Crawler  
  167  15:43  Spore Crawler, Hydralisk x3, Roach x6  
  158  16:04  Hydralisk x3  
  158  16:05  Hydralisk x5  
  158  16:06  Hydralisk, Roach x3  
  158  16:07  Roach x4  
  158  16:08  Roach x2  
  174  16:19  Hydralisk, Roach  
  174  16:20  Hydralisk x6, Roach x2  
  174  16:21  Roach x4  
  194  16:36  Hydralisk  
  194  16:37  Hydralisk, Roach x2  
  198  16:44  Roach  
  182  16:49  Roach x2  
  182  16:50  Roach  
  182  16:53  Hydralisk x2  
  182  16:54  Hydralisk, Roach x2  
  178  16:56  Hydralisk x3  
  188  17:05  Hydralisk x3, Roach  
  188  17:06  Roach x2  
  194  17:09  Hydralisk x2  
  194  17:14  Hydralisk x2  
  194  17:15  Roach  
  194  17:19  Hydralisk x2  
  194  17:20  Roach x2  
  196  17:28  Hydralisk x2  
  196  17:29  Roach x2  

Tags
 
Add a new tag
Caveats
  • Supply blocks, unpowered buildings, or Contaminate may cause inaccurate times.
  • Supply counts are checked every 10 seconds.